 Dungeon Crawl Stone Soup version 0.27.1-2-g3b301248ec (webtiles) character file.

Game seed: 5602828898079051713

6 Borgoz the Skirmisher (level 1, 0/19 HPs)
             Began as a Ghoul Monk on Sept 24, 2021.
             Slain by a gnoll (3 damage)
             ... on level 1 of the Dungeon.
             The game lasted 00:00:26 (300 turns).

Borgoz the Skirmisher (Ghoul Monk)                   Turns: 300, Time: 00:00:27

Health: 0/19       AC:  2    Str: 14    XL:     1   Next: 90%
Magic:  0/0        EV: 12    Int:  5    God:
Gold:   11         SH:  0    Dex: 11    Spells: 0/0 levels left

rFire    . . .     SeeInvis .     - Unarmed
rCold    + . .     Faith    .   (no shield)
rNeg     + + +     Spirit   .   a - +0 robe
rPois    ∞         Reflect  .   (no helmet)
rElec    .         Harm     .   (no cloak)
rCorr    .         Rampage  .   (no gloves)
Will     .....                  (no boots)
Stlth    ++........             (no amulet)
HPRegen  0.00/turn              (no ring)
MPRegen  0.07/turn              (no ring)

@: inhibited regen
A: claws 1, cold resistance 1, negative energy resistance 3, inhibited
regeneration, torment resistance 2
a: no special abilities


You were on level 1 of the Dungeon.
You visited 1 branch of the dungeon, and saw 1 of its levels.

You collected 11 gold pieces.

Inventory:

Armour
 a - a +0 robe (worn)


   Skills:
 + Level 3.4 Fighting
 + Level 2.8 Dodging
 + Level 2.4 Stealth
 + Level 3.4 Unarmed Combat


You couldn't memorise any spells.
You didn't know any spells.
Your spell library was empty.

Dungeon Overview and Level Annotations

Branches:
Dungeon (1/15)

Altars:


Innate Abilities, Weirdness & Mutations

You thrive by killing the living.
You are immune to poison.
You have sharp fingernails.
Your flesh is cold resistant. (rC+)
You are immune to negative energy. (rN+++)
You do not regenerate when monsters are visible.
You are immune to unholy pain and torment.


Message History

No target in view!
No target in view!
No target in view!
Found an escape hatch in the floor.
A kobold comes into view. It is wielding a +0 club.
The kobold shouts!
A kobold is nearby!
A kobold is nearby!
Found 26 arrows.
A gnoll comes into view. It is wielding a +1 spear of venom.
The gnoll shouts!
Found a dagger and a fuming silvery potion.
The kobold completely misses you.
You scratch the kobold.
The kobold is heavily wounded.
The gnoll misses you. The kobold hits you but does no damage.
You scratch the kobold.
You kill the kobold!
The gnoll hits you from afar with a +1 spear of venom.
The gnoll hits you with a +1 spear of venom.
You see here a +0 club.
You barely miss the gnoll.
The gnoll hits you with a +1 spear of venom.
You are too injured to fight recklessly!
You are too injured to fight recklessly!
You are too injured to fight recklessly!
You are too injured to fight recklessly!
You are too injured to fight recklessly!
A dart slug comes into view.
The gnoll hits you with a +1 spear of venom.
* * * LOW HITPOINT WARNING * * *
You closely miss the gnoll. The gnoll closely misses you.
You aren't carrying any potions.
Sorry, you're not good enough to have a special ability.
You barely miss the gnoll. The gnoll closely misses you.
You closely miss the gnoll. The gnoll closely misses you.
You completely miss the gnoll. The gnoll barely misses you.
You barely miss the gnoll.
The gnoll hits you with a +1 spear of venom.
You die...

#.## ##.#######.
###.###.## #..#
#......## #!..
#.##..## #..#
#.##..#########..#
#(##.............#
#.##........###..#
#.#########.###(.#
#.####### #>...)@#
................g..#
###############.#..#
#.#..# #.#w.# #.#..#
#)...# ########
#.#..# ........


You could see a gnoll and a dart slug (wandering).

Vanquished Creatures
  A giant cockroach (D:1)
  A kobold (D:1)
  2 quokkas (D:1)
  A bat (D:1)
5 creatures vanquished.

Notes
Turn   | Place    | Note
-------+----------+-------------------------------------------
     0 | D:1      | Borgoz the Ghoul Monk began the quest for the Orb.
     0 | D:1      | Reached XP level 1. HP: 19/19 MP: 0/0
   300 | D:1      | Slain by a gnoll

Illustrated notes

Levels and vault maps discovered:
D:1:      dpeg_arrival_morbid_curiosity, layout_loops_ring,
          chequers_ecumenical_altar_simple, nrook_mini_vaults

Action                   || total
-------------------------++-------
Melee: Unarmed           ||    28
       Punch             ||     1
 Stab: Sleeping          ||     1
Armor: Robe              ||     3
Dodge: Dodged            ||    26
